AoeStats
← ANGELSK3956

African Clearing

510569662Analyzed
3v3 RM · 1d ago on Oct 1, 2026· 27m 25s· 6 players
Game mode
Random Map
Map size
Normal (6 player)
Population
200
Speed
Normal
Resources
Standard
Victory
Conquest
Starting age
Dark Age
Ending age
Imperial Age
RankedLock teamsTeams togetherTeam positionsShared explorationLock speedFull tech treeHidden civsTurbo modeCheats
Victory
Defeat
🇮🇳 Danes · India
1211
+10
🇮🇳 Vietnamese · India
1173
+11
🇮🇳 Malians · India
1171
+11
🇫🇷 Italians · France
1077
-11
🇭🇰 Poles · Hong Kong SAR China
1071
-11
🇲🇽 Sicilians · Mexico
1045
-10
KissMyAxe
12:17 Feudal Age
14:33 Feudal Age
12:53 Loom
16:20 Loom
18:45 Castle Age
16:47 Double-Bit Axe
24:56 Bow Saw
25:42 Wheelbarrow
cpluk3
4:25 Loom
14:16 Feudal Age
15:48 Double-Bit Axe
16:41 Town Watch
19:22 Castle Age
19:06 Horse Collar
20:32 Wheelbarrow
19:53 Gold Mining
20:47 Bloodlines
21:53 Bow Saw
23:03 Stone Mining
26:04 Husbandry
glitter
4:52 Loom
18:26 Feudal Age
19:44 Wheelbarrow
18:57 Town Watch
19:01 Double-Bit Axe
22:37 Castle Age
24:07 Fletching
24:17 Padded Archer Armor
24:25 Town Patrol
26:17 Hand Cart
26:03 Bodkin Arrow
26:25 Leather Archer Armor
26:38 Bow Saw
ANGELSK3956
5:03 Loom
15:11 Feudal Age
18:44 Castle Age
17:03 Fletching
17:05 Double-Bit Axe
17:01 Horse Collar
18:49 Crossbowman
19:45 Bodkin Arrow
21:06 Town Watch
23:27 Padded Archer Armor
26:45 Wheelbarrow
27:58 Ballistics
Sythe
13:55 Feudal Age
12:53 Loom
17:59 Castle Age
17:07 Double-Bit Axe
17:05 Horse Collar
19:03 Bow Saw
19:40 Wheelbarrow
20:37 Heavy Plow
TigerOfThanjai
13:53 Feudal Age
16:25 Double-Bit Axe
18:51 Castle Age
18:18 Scale Mail Armor
19:07 Loom
19:50 Forging
19:26 Horse Collar
21:07 Arson
21:09 Gambesons
22:21 Squires
24:32 Iron Casting
26:33 Chain Mail Armor
Connection lost

Rejoining the realm…

Still unreachable

The connection could not be restored.

Session expired

The server has moved on; the page needs a fresh start.